 Dungeon Crawl Stone Soup version 0.29-a0-775-g4d7333d4e2 (webtiles) character file.

Game seed: 6355164312898505655

122 omnomnOMINOUS the Insei (level 5, -10/34 HPs)
             Began as an Octopode Wanderer on July 1, 2022.
             Was a Believer of Fedhas.
             Mangled by Pikel
             ... wielding a +0 whip of flaming
              (11 damage)
             ... on level 4 of the Dungeon.
             The game lasted 00:10:53 (4104 turns).

omnomnOMINOUS the Insei (Octopode Wanderer)         Turns: 4104, Time: 00:10:54

Health: -10/34     AC:  1    Str:  9    XL:     5   Next: 6%
Magic:  8/11       EV: 13    Int: 29    God:    Fedhas [**....]
Gold:   166        SH:  0    Dex: 13    Spells: 6/12 levels left

rFire   . . .      SeeInvis .   a - +0 hand axe (venom)
rCold   . . .      Faith    .   (no shield)
rNeg    . . .      Spirit   .   (helmet restricted)
rPois   .          Reflect  .   (no amulet)
rElec   .          Harm     .   y - +6 ring of intelligence
rCorr   .          Rampage  .   B - +6 ring of intelligence
Will    .....                   (no ring)
Stlth   +++.......              (no ring)
HPRegen 0.11/turn               (no ring)
MPRegen 0.12/turn               (no ring)
                                (no ring)
                                (no ring)

@: no status effects
A: almost no armour, amphibious, 8 rings, camouflage 1, gelatinous body 1,
(nimble swimmer 1), tentacles
a: Renounce Religion, Wall of Briars


You were on level 4 of the Dungeon.
You worshipped Fedhas.
Fedhas was pleased with you.
You visited 1 branch of the dungeon, and saw 4 of its levels.

You collected 166 gold pieces.

Inventory:

Hand Weapons
 a - a +0 hand axe of venom (weapon)
 b - a +0 long sword
 s - a +0 dagger
Missiles
 c - 8 boomerangs (quivered)
 z - 4 curare-tipped darts
Jewellery
 t - a ring of fire
 y - a +6 ring of intelligence (left tentacle)
 A - a ring of fire
 B - a +6 ring of intelligence (right tentacle)
Wands
 o - a wand of charming (8)
 v - a wand of flame (18)
Scrolls
 e - 3 scrolls of teleportation
 f - 2 scrolls of amnesia {unknown}
 j - 2 scrolls of poison {unknown}
 l - 3 scrolls of identify {unknown}
 m - 2 scrolls of noise {unknown}
 p - 3 scrolls of summoning {unknown}
 D - a scroll of immolation {unknown}
Potions
 d - 2 potions of berserk rage
 g - 2 potions of might
 h - 2 potions of magic {unknown}
 i - 5 potions of heal wounds {unknown}
 k - 2 potions of invisibility {unknown}
 n - a potion of cancellation {unknown}
 q - a potion of mutation {unknown}
 r - 2 potions of lignification {unknown}
 u - 2 potions of curing {unknown}
 w - a potion of haste {unknown}
 x - a potion of resistance {unknown}
 C - 2 potions of brilliance {unknown}


   Skills:
 + Level 2.0 Fighting
 - Level 1.0 Throwing
 + Level 2.0 Dodging
 - Level 1.3 Stealth
 - Level 4.0 Unarmed Combat
 - Level 4.0 Spellcasting
 * Level 0.0 Conjurations
 - Level 3.0 Earth Magic


You had 6 spell levels left.
You knew the following spells:

 Your Spells              Type           Power      Damage    Failure   Level
a - Sting                 Tmut/Pois      20%        1d4       7%          1
b - Sandblast             Erth           46%        2d11      1%          1
c - Passwall              Tmut/Erth      11%        N/A       5%          2
d - Searing Ray           Conj           12%        2d4       11%         2

Your spell library contained the following spells:

 Spells                   Type           Power      Damage    Failure   Level
 Foxfire                  Conj/Fire      24%        2x1d5     7%          1
 Magic Dart               Conj           24%        1d4       7%          1
 Slow                     Hex            20%        N/A       7%          1
 Poisonous Vapours        Pois/Air       10%        N/A       11%         2
 Sublimation of Blood     Necr           5%         N/A       11%         2
 Wereblood                Tmut           5%         N/A       11%         2
 Confusing Touch          Hex            5%         N/A       21%         3
 Conjure Flame            Conj/Fire      6%         6-21      21%         3
 Ignite Poison            Fire/Tmut/Pois 5%         N/A       21%         3
 Inner Flame              Hex/Fire       5%         N/A       21%         3
 Vampiric Draining        Necr           5%         2d6       21%         3
 Flame Wave               Conj/Fire      6%         2d5       56%         4
 Fulminant Prism          Conj/Hex       3%         3d6       56%         4
 Olgreb's Toxic Radiance  Pois           5%         N/A       56%         4
 Summon Hydra             Summ           2%         N/A       100%        7
 Shatter                  Erth           11%        3d12*     100%        9


Dungeon Overview and Level Annotations

Branches:
Dungeon (4/15)
 Temple: D:4-7

Altars:
Fedhas

Shops:
D:1 (

Annotations:
D:4 exclusion: 4 lemures, Pikel


Innate Abilities, Weirdness & Mutations

You cannot wear most types of armour.
You are amphibious.
You can wear up to eight rings at the same time.
Your skin changes colour to match your surroundings (Stealth+).
Your rubbery body absorbs attacks. (AC +1, EV +1)
((You are camouflaged when in or above water. (Stealth+)))
You have tentacles for arms and can constrict up to eight enemies at once.


Message History

Pikel is moderately wounded.
Okay, then.
Unknown command.
Casting: Sandblast (safe; 1% risk of failure)
Confirm with . or Enter, or press ? or * to list all spells.
Aiming: Sandblast (safe; 1% risk of failure)
Press: ? - help, Shift-Dir - straight line, f/p - Pikel
Aim: Pikel, wielding a +0 whip of flaming and wearing a +0 robe (moderately wounded, 76% to hit)
The blast of sand hits Pikel but does no damage.
Pikel is moderately wounded.
Unknown command.
Pikel attacks as you move away! Pikel closely misses you.
Pikel attacks as you move away! Pikel closely misses you.
Pikel attacks as you move away!
Pikel hits you with a +0 whip of flaming.
Pikel burns you.
Casting: Sandblast (safe; 1% risk of failure)
Confirm with . or Enter, or press ? or * to list all spells.
Aiming: Sandblast (safe; 1% risk of failure)
Press: ? - help, Shift-Dir - straight line, f/p - Pikel
Aim: Pikel, wielding a +0 whip of flaming and wearing a +0 robe (moderately wounded, 76% to hit)
The blast of sand hits Pikel.
Pikel is moderately wounded.
Pikel barely misses you.
Pikel hits you with a +0 whip of flaming!
Pikel burns you.
Casting: Sandblast (safe; 1% risk of failure)
Confirm with . or Enter, or press ? or * to list all spells.
Aiming: Sandblast (safe; 1% risk of failure)
Press: ? - help, Shift-Dir - straight line, f/p - Pikel
Aim: Pikel, wielding a +0 whip of flaming and wearing a +0 robe (moderately wounded, 76% to hit)
The blast of sand hits Pikel but does no damage.
Pikel is moderately wounded.
Pikel hits you with a +0 whip of flaming!
* * * LOW HITPOINT WARNING * * *
Pikel burns you.
* * * LOW HITPOINT WARNING * * *
Pikel hits you with a +0 whip of flaming!
You die...
Fedhas appreciates your contribution to the ecosystem.

#..##.....†..........
##..#........)..#
#......#########.(...K
#.>..### ...... ##.#.#
####.# .... #..>#
###....# ... #..##
#...#########
#..######[#(.........
#.#K@.).....#########
#.########### #. #. ##


You could see Pikel.

Vanquished Creatures
  5 adders
  2 worms
  An orc (D:3)
  6 ball pythons
  3 bats
  10 endoplasms
  5 giant cockroaches
  6 goblins
  6 hobgoblins
  4 jackals (D:2)
  A quokka (D:1)
  2 frilled lizards
  8 kobolds
  8 rats
67 creatures vanquished.

Vanquished Creatures (others)
  A plant (D:2)
1 creature vanquished.

Grand Total: 68 creatures vanquished

Notes
Turn   | Place    | Note
-------+----------+-------------------------------------------
     0 | D:1      | omnomnOMINOUS the Octopode Wanderer began the quest for the
                  | Orb.
     0 | D:1      | omnomnOMINOUS set off with the following items: a +0
                  | dagger, a potion of might, 8 boomerangs, a potion of
                  | berserk rage, a scroll of teleportation; and the following
                  | spell memorised: Sting; and the following spells available
                  | to memorise: Ignite Poison.
     0 | D:1      | Reached XP level 1. HP: 11/11 MP: 5/5
    37 | D:1      | Got the Catalogue of the Noxious Mountains
    40 | D:1      | Learned a level 1 spell: Sandblast
   154 | D:1      | Reached XP level 2. HP: 6/18 MP: 7/7
   460 | D:1      | Reached skill level 1 in Earth Magic
   467 | D:1      | Learned a level 2 spell: Passwall
   603 | D:1      | Reached skill level 1 in Fighting
   667 | D:1      | Reached skill level 1 in Dodging
   798 | D:1      | Reached XP level 3. HP: 9/23 MP: 0/8
  1128 | D:1      | Found Soontogu's Antique Weapon Shop.
  1750 | D:2      | Found a faded altar of an unknown god.
  1761 | D:2      | Prayed at the altar of an unknown god.
  1761 | D:2      | Became a worshipper of Fedhas Madash
  1761 | D:2      | Reached * piety under Fedhas
  2177 | D:2      | Reached XP level 4. HP: 28/28 MP: 7/10
  3646 | D:4      | Reached XP level 5. HP: 34/34 MP: 8/11
  3704 | D:4      | Noticed a lemure
  3704 | D:4      | Noticed a lemure
  3719 | D:4      | Reached ** piety under Fedhas
  3739 | D:4      | Noticed Pikel
  3739 | D:4      | Noticed a lemure
  3747 | D:4      | Noticed a lemure
  4077 | D:4      | Learned a level 2 spell: Searing Ray
  4104 | D:4      | HP: 1/34 [Pikel/+0 whip of flaming (1)]
  4104 | D:4      | Mangled by Pikel

Illustrated notes

Levels and vault maps discovered:
D:1:      minmay_arrival_stair_chambers, layout_basic, serial_shops, shop
D:2:      layout_basic, shapermc_ecumenical_altar_hornbeckon,
          nicolae_figureground_sparkle
D:3:      layout_loops_cross
D:4:      layout_rooms, uniq_pikel

Skill      XL: |  1  2  3  4  5 |
---------------+----------------+-----
Earth Magic    | 1 2 3 |  3.0
Fighting       | 1 2 |  2.0
Dodging        | 1 2 |  2.0
Throwing       | |  1.0
Stealth        | |  1.3
Unarmed Combat | |  4.0
Spellcasting   | |  4.0

Action                   |  1- 3 |  4- 6 || total
-------------------------+-------+-------++-------
Melee: Dagger            |    37 |     2 ||    39
       Constrict         |    11 |     7 ||    18
       Tentacles         |     6 |     4 ||    10
       Punch             |     2 |     2 ||     4
       Hand axe          |       |    19 ||    19
Throw: Boomerang         |     3 |       ||     3
 Cast: Sting             |    13 |       ||    13
       Sandblast         |    27 |    34 ||    61
Evoke: Wand              |       |     2 ||     2
 Stab: Sleeping          |     1 |     6 ||     7
Armor: Skin              |     5 |     4 ||     9
Dodge: Dodged            |    36 |    27 ||    63

Table legend: (Time is in decaauts)
 A = Elapsed time spent in this place.
 B = Non-inter-level travel time spent in this place.
 C = Inter-level travel time spent in this place.
 D = Time resting spent in this place.
 E = Time spent auto-exploring this place.
 F = Levels seen in this place.
 G = Mean time per level.
                   A        B        C        D        E       F      G
               +--------+--------+--------+--------+--------+-----+--------+
         Total |   4176 |   4020 |    156 |    886 |   2508 |   4 | 1044.0 |
       Dungeon |   4176 |   4020 |    156 |    886 |   2508 |   4 | 1044.0 |
               +--------+--------+--------+--------+--------+-----+--------+

Top non-repeatable levels by time:
     D:2: 1451 daAuts
     D:1: 1424 daAuts
     D:3: 819 daAuts
     D:4: 480 daAuts
